 Dungeon Crawl Stone Soup version 0.29-a0-911-g88e6f02907 (webtiles) character file.

Game seed: 14808801755165062254

56 porpoise the Vexing (level 3, -2/28 HPs)
             Began as a Merfolk Arcane Marksman on July 25, 2022.
             Slain by Sigmund
             ... wielding a +0 scythe
              (5 damage)
             ... on level 3 of the Dungeon.
             The game lasted 00:08:08 (2492 turns).

porpoise the Vexing (Merfolk Arcane Marksman)       Turns: 2492, Time: 00:08:09

Health: -2/28      AC:  6    Str: 10    XL:     3   Next: 97%
Magic:  4/4        EV: 10    Int: 14    God:
Gold:   123        SH:  0    Dex: 14    Spells: 3/4 levels left

rFire   . . .      SeeInvis .   a - +0 short sword
rCold   . . .      Faith    .   (no shield)
rNeg    . . .      Spirit   .   d - +0 ring mail
rPois   .          Reflect  .   k - +1 hat
rElec   .          Harm     .   (no cloak)
rCorr   .          Rampage  .   (no gloves)
Will    .....                   (no boots)
Stlth   +.........              (no amulet)
HPRegen 0.09/turn               (no ring)
MPRegen 0.09/turn               (no ring)

@: mighty
A: (nimble swimmer 2), mertail
a: no special abilities


You were on level 3 of the Dungeon.
You visited 1 branch of the dungeon, and saw 3 of its levels.

You collected 123 gold pieces.

Inventory:

Hand Weapons
 a - a +0 short sword (weapon)
 b - a +0 sling
Missiles
 j - 2 atropa-tipped darts
Armour
 d - a +0 ring mail (worn)
 k - a +1 hat (worn)
Scrolls
 f - 2 scrolls of identify {unknown}
 g - a scroll of enchant weapon {unknown}
 h - a scroll of magic mapping {unknown}
 i - a scroll of vulnerability
 m - 2 scrolls of teleportation {unknown}
Potions
 c - a potion of flight {unknown}
 e - 2 potions of might
 l - a potion of curing {unknown}


   Skills:
 * Level 2.9 Fighting
 * Level 1.3 Short Blades
 - Level 1.5 Ranged Weapons
 - Level 2.6 Dodging
 - Level 1.0 Spellcasting
 + Level 3.7 Hexes


You had 3 spell levels left.
You knew the following spells:

 Your Spells              Type           Power      Damage    Failure   Level
a - Slow                  Hex            44%        N/A       16%         1

Your spell library contained the following spells:

 Spells                   Type           Power      Damage    Failure   Level
 Inner Flame              Hex/Fire       5%         N/A       67%         3
 Portal Projectile        Hex/Tloc       10%        N/A       67%         3
 Cause Fear               Hex            5%         N/A       83%         4
 Fireball                 Conj/Fire      0%         3d3       100%        5
 Starburst                Conj/Fire      0%         6d3       100%        6
 Ignition                 Fire           0%         3d3       100%        8


Dungeon Overview and Level Annotations

Branches:
Dungeon (3/15)

Altars:
Okawaru

Annotations:
D:3 Sigmund


Innate Abilities, Weirdness & Mutations

((You are very nimble when in or above water. (Stealth+, EV+, Speed+++)))
Your lower body shifts to a powerful aquatic tail in water.


Message History

Casting: Slow (safe; 16% risk of failure)
Confirm with . or Enter, or press ? or * to list all spells.
Aiming: Slow (safe; 16% risk of failure)
Press: ? - help, Shift-Dir - straight line, f - adder
Aim: an adder (chance to affect: 58%)
The adder seems to slow down.
The adder barely misses you. Something hits you.
You closely miss something. The adder bites you but does no damage.
You hit something but do no damage.
You hear some strange, mumbled words.
A magic dart appears from out of thin air!
The magic dart hits you but does no damage.
The adder closely misses you.
You hit something but do no damage. Something hits you but does no damage.
The adder bites you but does no damage.
You hit the adder.
The adder is moderately wounded.
Something hits you. The adder completely misses you.
You hit the adder.
The adder is heavily wounded.
You closely miss the adder.
The adder is heavily wounded.
The adder bites you but does no damage.
You hear some strange, mumbled words.
A magic dart appears from out of thin air!
The magic dart hits you!
You barely miss the adder.
The adder is heavily wounded.
The adder barely misses you. Something hits you.
Unknown command.
Okay, then.
You feel very mighty all of a sudden. The adder completely misses you.
Something hits you!
* * * LOW HITPOINT WARNING * * *
You barely miss the adder.
The adder is heavily wounded.
The adder bites you but does no damage.
You hit the adder.
You kill the adder!
Something hits you.
You die...

.# .# .#
#####.###
#<......#
#.......#
#.......#
#...@...#
##..{.......
#..........
#........^.
#..........
#..........
#..........
#..........


There were no monsters in sight!

Vanquished Creatures
  An adder (D:3)
  2 dart slugs (D:2)
  3 bats (D:1)
  4 endoplasms
  3 giant cockroaches
  7 goblins
  3 hobgoblins (D:1)
  3 jackals (D:2)
  6 kobolds
  2 quokkas (D:1)
  4 ball pythons
  3 frilled lizards
  7 rats
48 creatures vanquished.

Notes
Turn   | Place    | Note
-------+----------+-------------------------------------------
     0 | D:1      | porpoise the Merfolk Arcane Marksman began the quest for
                  | the Orb.
     0 | D:1      | Reached XP level 1. HP: 15/15 MP: 2/2
   524 | D:1      | Reached XP level 2. HP: 22/22 MP: 3/3
   749 | D:1      | Reached XP level 3. HP: 20/28 MP: 4/4
  1791 | D:2      | Reached skill level 1 in Short Blades
  1847 | D:2      | Found an iron altar of Okawaru.
  2318 | D:3      | Noticed Sigmund
  2492 | D:3      | Slain by Sigmund

Illustrated notes

Levels and vault maps discovered:
D:1:      minmay_arrival_jagged, layout_rooms, serial_park_tiny_2
D:2:      layout_loops_cross, basic_altar, small_statue_intersection
D:3:      layout_basic, uniq_sigmund

Skill      XL: |  1  2  3 |
---------------+----------+-----
Fighting       | 2 |  2.9
Short Blades   | 1 |  1.3
Ranged Weapons | |  1.5
Dodging        | |  2.6
Spellcasting   | |  1.0
Hexes          | |  3.7

Action                   || total
-------------------------++-------
Melee: Unarmed           ||    16
       Short sword       ||   108
 Fire: Sling             ||    74
 Cast: Slow              ||    12
  Use: Potion            ||     1
Armor: Robe              ||     2
       Ring mail         ||    53
Dodge: Dodged            ||    94

Table legend: (Time is in decaauts)
 A = Elapsed time spent in this place.
 B = Non-inter-level travel time spent in this place.
 C = Inter-level travel time spent in this place.
 D = Time resting spent in this place.
 E = Time spent auto-exploring this place.
 F = Levels seen in this place.
 G = Mean time per level.
                   A        B        C        D        E       F      G
               +--------+--------+--------+--------+--------+-----+--------+
         Total |   2527 |   2493 |     34 |   1194 |    853 |   3 |  842.3 |
       Dungeon |   2527 |   2493 |     34 |   1194 |    853 |   3 |  842.3 |
               +--------+--------+--------+--------+--------+-----+--------+

Top non-repeatable levels by time:
     D:1: 1305 daAuts
     D:2: 1200 daAuts
     D:3: 22 daAuts
